Sharks vs Predators

Created - 24 décembre 2020 at 09:50

Goals
1 2 3 T
Sharks 0 1 2 3
Predators 2 1 1 4
Shots
1 2 3 T
Sharks 10 6 20 36
Predators 10 10 8 28

1st period

1. Predators , Aleksander Barkov 7 (Anthony Duclair 8, William Nylander 4) at 0:10
2. Predators , Matthew Nieto 3 (Jordan Weal 5) at 11:22

Penalties :
Vladislav Gavrikov (NSH) for Hooking (Minor) at 3:13, Anthony Duclair (NSH) for High sticking (Minor) at 12:42

2nd period

3. Sharks , Dylan Larkin 3 (Sidney Crosby 7, Jake Allen) at 0:38 (PP)
4. Predators , William Nylander 4 (Jaccob Slavin 3, Anthony Duclair 9) at 9:53

Penalties :
Vladislav Gavrikov (NSH) for Holding (Minor) at 0:22, Samuel Girard (NSH) for Charging (Minor) at 1:01

3rd period

5. Sharks , Robert Thomas 2 (Andreas Johnsson 3) at 11:43
6. Predators , Brendan Lemieux 5 (Samuel Girard 7, Jordan Weal 6) at 17:22
7. Sharks , Jonathan Huberdeau 2 (Zach Werenski 4, Teuvo Teravainen 7) at 19:49

Penalties :
Austin Czarnik (NSH) for Holding (Minor) at 8:47, Brendan Lemieux (NSH) for Roughing (Minor) at 17:40

Goalie Stats

Jake Allen (SJS), 24 saves from 28 shots - (0,857), L, 4-4-0, 59:53 minutes
Connor Ingram (NSH), 33 saves from 36 shots - (0,917), W, 5-4-3, 60:00 minutes

Players Stats for Sharks

Player Name              G  A  P  +/- PIM S  H  SB GA TA FO     MP     PP MP  PK MP  
------------------------------------------------------------------------------------
Alex Pietrangelo         0  0  0  -2  0   2  1  0  0  0  0/0    23:52   4:03   0:00 
Andreas Johnsson         0  1  1   1  0   0  0  0  0  1  0/0    16:05   0:32   0:00 
Boone Jenner             0  0  0  -1  0   4  1  2  0  1  5/6    20:39   5:25   0:00 
Brendan Gaunce           0  0  0   0  0   1  0  0  0  0  0/0     6:51   0:00   0:00 
Colton Sceviour          0  0  0   0  0   0  0  0  0  0  0/0     2:01   0:00   0:00 
Dylan Larkin             1  0  1  -1  0   6  0  0  1  0  6/12   18:31   4:26   0:00 
Gabriel Landeskog        0  0  0  -1  0   3  4  0  1  0  2/2    21:00   4:46   0:00 
Jonathan Huberdeau       1  0  1   0  0   3  1  0  3  0  1/2    21:41   5:25   0:00 
Justin Braun             0  0  0   1  0   1  3  0  0  0  0/0    17:42   0:00   0:00 
Kenny Agostino           0  0  0  -1  0   0  0  1  0  0  0/0    12:37   0:00   0:00 
Mark Borowiecki          0  0  0  -1  0   1  2  1  0  0  0/0    22:45   4:05   0:00 
Michael Raffl            0  0  0   0  0   1  1  0  0  0  0/0     6:51   0:00   0:00 
Mirco Mueller            0  0  0  -2  0   0  1  0  0  0  0/0    14:30   2:03   0:00 
Robert Thomas            1  0  1  -2  0   3  0  1  0  0  0/1    13:27   0:03   0:00 
Shea Theodore            0  0  0  -2  0   0  3  2  0  2  0/0    17:44   5:08   0:00 
Sidney Crosby            0  1  1  -1  0   1  2  0  0  0  8/22   21:00   4:46   0:00 
Teuvo Teravainen         0  1  1   0  0   8  0  0  0  1  0/0    19:17   5:10   0:00 
Zach Werenski            0  1  1   2  0   2  0  1  0  2  0/0    23:27   5:03   0:00 

Players Stats for Predators

Player Name              G  A  P  +/- PIM S  H  SB GA TA FO     MP     PP MP  PK MP  
------------------------------------------------------------------------------------
Aleksander Barkov        1  0  1   2  0   7  1  1  2  0  11/16  15:24   0:00   0:00 
Anthony Duclair          0  2  2   2  2   1  1  1  1  0  1/1    17:15   0:00   1:40 
Austin Czarnik           0  0  0   0  2   2  1  1  0  0  2/2     9:31   0:00   0:00 
Brayden Point            0  0  0  -1  0   2  1  1  1  0  1/11   15:22   0:00   1:33 
Brendan Lemieux          1  0  1   0  2   3  0  0  0  0  0/0    14:43   0:00   2:50 
Carl Soderberg           0  0  0  -1  0   4  1  1  0  1  4/7    19:10   0:00   5:35 
Colin Wilson             0  0  0   0  0   0  0  0  0  0  0/0     9:47   0:00   0:06 
Jaccob Slavin            0  1  1   4  0   1  3  2  0  1  0/0    24:18   0:00   5:39 
Jordan Weal              0  2  2   1  0   1  0  0  0  0  4/8    15:06   0:00   3:22 
Kevin Connauton          0  0  0   0  0   0  0  0  1  1  0/0    17:29   0:00   5:39 
Louie Belpedio           0  0  0  -1  0   0  2  0  0  0  0/0    17:53   0:00   0:00 
Matthew Nieto            1  0  1   1  0   3  0  1  1  0  0/0    16:54   0:00   5:16 
Patrick Marleau          0  0  0   0  0   0  3  0  0  0  0/0    13:19   0:00   0:00 
Robert Bortuzzo          0  0  0  -2  0   0  1  0  0  0  0/0    17:21   0:00   4:32 
Samuel Girard            0  1  1   4  2   1  1  1  0  1  0/0    20:00   0:00   1:00 
Sven Baertschi           0  0  0   0  0   0  1  0  0  0  0/0     9:22   0:00   0:00 
Vladislav Gavrikov       0  0  0  -1  4   0  0  0  1  0  0/0    21:26   0:00   3:32 
William Nylander         1  1  2   2  0   3  0  0  0  1  0/0    15:23   0:00   0:00 

3 Stars

1 - William Nylander (NSH)
2 - Jaccob Slavin (NSH)
3 - Aleksander Barkov (NSH)

Power Play

Sharks - 1 on 6 Attempt(s) - 16,67%
Predators - 0 on 0 Attempt(s) - 0,00%

Penalty Kill

Sharks - 0 on 0 Attempt(s) - 0,00% - Score 0 goal in Penalty Kill
Predators - 5 on 6 Attempt(s) - 83,33% - Score 0 goal in Penalty Kill

Team Stat

Sharks - Hits : 19 - Faceoff Wins : 22 - Blocked Shots : 8 - Penalty Minutes : 0
Predators - Hits : 16 - Faceoff Wins : 23 - Blocked Shots : 9 - Penalty Minutes : 12

Official

Referees : Conor O'Donnell and Kendrick Nicholson
Linesman : Darren Gibbs and Brent Hooks

Game Notes

No Game Note

Finance

Level 1 -- Attendance: 5426 (90,43%) -- Ticket Income 515 470 $
Level 2 -- Attendance: 3939 (78,78%) -- Ticket Income 256 035 $
Level 3 -- Attendance: 1586 (79,30%) -- Ticket Income 63 440 $
Level 4 -- Attendance: 3893 (97,33%) -- Ticket Income 85 646 $
Luxury Box -- Attendance: 1000 (100,00%) -- Ticket Income 175 000 $
Game was played at the Bridgestone arena.
Total Attendance: 15844 (88,02%)
Total Ticket Income: 1 095 591 $
Other Income: 536 840 $
Total Income: 1 632 431 $

Sharks

5 vs 5 Forward 
   Center                   Left Wing                Right Wing               Time % Phy DF OF 
 1 Sidney Crosby            Jonathan Huberdeau       Gabriel Landeskog        32     0   2  3  
 2 Dylan Larkin             Andreas Johnsson         Teuvo Teravainen         28     0   2  3  
 3 Boone Jenner             Kenny Agostino           Robert Thomas            25     0   4  1  
 4 Boone Jenner             Brendan Gaunce           Michael Raffl            15     0   5  0  

5 vs 5 Defense 
   Defense                  Defense                                           Time % Phy DF OF 
 1 Alex Pietrangelo         Mark Borowiecki                                   38     0   4  1  
 2 Zach Werenski            Justin Braun                                      36     0   4  1  
 3 Shea Theodore            Mirco Mueller                                     21     0   5  0  
 4 Alex Pietrangelo         Zach Werenski                                     5      0   5  0  

PowerPlay Forward 
   Center                   Left Wing                Right Wing               Time % Phy DF OF 
 1 Sidney Crosby            Gabriel Landeskog        Dylan Larkin             55     0   0  5  
 2 Boone Jenner             Teuvo Teravainen         Jonathan Huberdeau       45     0   0  5  

PowerPlay Defense
   Defense                  Defense                                           Time % Phy DF OF 
 1 Alex Pietrangelo         Shea Theodore                                     55     0   1  4  
 2 Mark Borowiecki          Zach Werenski                                     45     0   1  4  

Penalty Kill 4 Players Forward 
   Center                   Wing                     Time % Phy DF OF 
 1 Boone Jenner             Colton Sceviour          55     0   5  0  
 2 Brendan Gaunce           Michael Raffl            45     0   5  0  

Penalty Kill 4 Players Defense
   Defense                  Defense                  Time % Phy DF OF 
 1 Alex Pietrangelo         Zach Werenski            55     0   5  0  
 2 Mark Borowiecki          Justin Braun             45     0   5  0  

Penalty Kill - 3 Players Forward 
   Forward                                           Time % Phy DF OF 
 1 Colton Sceviour                                   55     0   5  0  
 2 Brendan Gaunce                                    45     0   5  0  

Penalty Kill - 3 Players Defense
   Defense                  Defense                  Time % Phy DF OF 
 1 Alex Pietrangelo         Zach Werenski            55     0   5  0  
 2 Mark Borowiecki          Justin Braun             45     0   5  0  

4 vs 4 Forward 
   Center                   Wing                     Time % Phy DF OF 
 1 Sidney Crosby            Gabriel Landeskog        55     0   3  2  
 2 Dylan Larkin             Jonathan Huberdeau       45     0   3  2  

4 vs 4 Defense
   Defense                  Defense                  Time % Phy DF OF 
 1 Alex Pietrangelo         Zach Werenski            55     0   4  1  
 2 Mark Borowiecki          Justin Braun             45     0   4  1  

Last Minutes Offensive
   Center                   Left Wing                Right Wing               Defense                  Defense                  
   Sidney Crosby            Gabriel Landeskog        Dylan Larkin             Alex Pietrangelo         Zach Werenski            

Last Minutes Defensive
   Center                   Left Wing                Right Wing               Defense                  Defense                  
   Sidney Crosby            Gabriel Landeskog        Dylan Larkin             Alex Pietrangelo         Zach Werenski            

Goaltenders
Starting : Jake Allen               
Backup : Darcy Kuemper            

Extra Forwards
Normal : Andreas Johnsson, Robert Thomas, Colton Sceviour - PP : Andreas Johnsson, Robert Thomas - PK : Colton Sceviour
Extra Defensemen
Normal : Shea Theodore, Mirco Mueller, Mark Borowiecki - PP : Shea Theodore - PK : Mirco Mueller, Mark Borowiecki
Penalty Shots
Sidney Crosby, Gabriel Landeskog, Dylan Larkin, Jonathan Huberdeau, Teuvo Teravainen
Custom OT Lines Forwards
Sidney Crosby, Gabriel Landeskog, Dylan Larkin, Jonathan Huberdeau, Teuvo Teravainen, Boone Jenner, Andreas Johnsson, Robert Thomas, Colton Sceviour, Kenny Agostino
Custom OT Lines Defensemen
Alex Pietrangelo, Zach Werenski, Mark Borowiecki, Justin Braun, Shea Theodore

Scratches
Dillon Dube (Healthy)

Predators

5 vs 5 Forward 
   Center                   Left Wing                Right Wing               Time % Phy DF OF 
 1 Aleksander Barkov        Anthony Duclair          William Nylander         33     0   1  4  
 2 Brayden Point            Carl Soderberg           Patrick Marleau          28     0   2  3  
 3 Jordan Weal              Matthew Nieto            Brendan Lemieux          25     0   2  3  
 4 Austin Czarnik           Sven Baertschi           Colin Wilson             14     0   4  1  

5 vs 5 Defense 
   Defense                  Defense                                           Time % Phy DF OF 
 1 Jaccob Slavin            Samuel Girard                                     40     1   1  3  
 2 Vladislav Gavrikov       Louie Belpedio                                    36     1   1  3  
 3 Kevin Connauton          Robert Bortuzzo                                   24     1   3  1  
 4 Louie Belpedio           Vladislav Gavrikov                                0      1   2  2  

PowerPlay Forward 
   Center                   Left Wing                Right Wing               Time % Phy DF OF 
 1 Aleksander Barkov        Anthony Duclair          William Nylander         50     1   0  4  
 2 Brayden Point            Carl Soderberg           Patrick Marleau          50     1   0  4  

PowerPlay Defense
   Defense                  Defense                                           Time % Phy DF OF 
 1 Vladislav Gavrikov       Samuel Girard                                     55     1   0  4  
 2 Jaccob Slavin            Louie Belpedio                                    45     1   0  4  

Penalty Kill 4 Players Forward 
   Center                   Wing                     Time % Phy DF OF 
 1 Carl Soderberg           Matthew Nieto            60     1   4  0  
 2 Jordan Weal              Brendan Lemieux          40     1   4  0  

Penalty Kill 4 Players Defense
   Defense                  Defense                  Time % Phy DF OF 
 1 Jaccob Slavin            Kevin Connauton          55     1   4  0  
 2 Vladislav Gavrikov       Robert Bortuzzo          45     1   4  0  

Penalty Kill - 3 Players Forward 
   Forward                                           Time % Phy DF OF 
 1 Carl Soderberg                                    55     0   5  0  
 2 Jordan Weal                                       45     0   5  0  

Penalty Kill - 3 Players Defense
   Defense                  Defense                  Time % Phy DF OF 
 1 Jaccob Slavin            Kevin Connauton          60     1   4  0  
 2 Vladislav Gavrikov       Robert Bortuzzo          40     1   4  0  

4 vs 4 Forward 
   Center                   Wing                     Time % Phy DF OF 
 1 Aleksander Barkov        Brayden Point            50     1   1  3  
 2 William Nylander         Patrick Marleau          50     1   1  3  

4 vs 4 Defense
   Defense                  Defense                  Time % Phy DF OF 
 1 Vladislav Gavrikov       Samuel Girard            55     0   2  3  
 2 Jaccob Slavin            Louie Belpedio           45     0   2  3  

Last Minutes Offensive
   Center                   Left Wing                Right Wing               Defense                  Defense                  
   Aleksander Barkov        Anthony Duclair          William Nylander         Jaccob Slavin            Samuel Girard            

Last Minutes Defensive
   Center                   Left Wing                Right Wing               Defense                  Defense                  
   Brayden Point            Carl Soderberg           Patrick Marleau          Robert Bortuzzo          Vladislav Gavrikov       

Goaltenders
Starting : Connor Ingram            
Backup : Troy Grosenick           

Extra Forwards
Normal : Aleksander Barkov, Brayden Point, Brendan Lemieux - PP : Colin Wilson, Brendan Lemieux - PK : Carl Soderberg
Extra Defensemen
Normal : Jaccob Slavin, Vladislav Gavrikov, Robert Bortuzzo - PP : Robert Bortuzzo - PK : Jaccob Slavin, Samuel Girard
Penalty Shots
Aleksander Barkov, Brendan Lemieux, Jordan Weal, Austin Czarnik, Brayden Point
Custom OT Lines Forwards
Aleksander Barkov, Brayden Point, Carl Soderberg, Anthony Duclair, Matthew Nieto, Brendan Lemieux, Colin Wilson, William Nylander, Patrick Marleau, Sven Baertschi
Custom OT Lines Defensemen
Jaccob Slavin, Samuel Girard, Vladislav Gavrikov, Kevin Connauton, Robert Bortuzzo

Scratches
Jay Bouwmeester (Right Hand Injury), Mark Jankowski (Healthy)

% Time on Ice - Sharks

Lines # - Real PCT - Wanted PCT - Time Play
Normal Forward
1 - 32% - 32% - 16:04
2 - 28% - 28% - 14:07
3 - 25% - 25% - 12:37
4 - 14% - 15% - 6:51
Normal Defense
1 - 39% - 38% - 19:31
2 - 37% - 36% - 18:36
3 - 23% - 21% - 11:11
4 - 1% - 5% - 0:21
PP Forward
1 - 47% - 55% - 4:46
2 - 53% - 45% - 5:25
PP Defense
1 - 50% - 55% - 5:08
2 - 50% - 45% - 5:03
PK Forward
1 - 0% - 55%
2 - 0% - 45%
PK Defense
1 - 0% - 55%
2 - 0% - 45%
PK3 Forward
1 - 0% - 55%
2 - 0% - 45%
PK3 Defense
1 - 0% - 55%
2 - 0% - 45%
44 Forward
1 - 0% - 55%
2 - 0% - 45%
44 Defense
1 - 0% - 55%
2 - 0% - 45%
Last Minute Offensive  - 0:10
Last Minute Defensive  - 0:00
Total
Forward - 60:00
Defense - 60:00

% Time on Ice - Predators

Lines # - Real PCT - Wanted PCT - Time Play
Normal Forward
1 - 31% - 33% - 15:33
2 - 26% - 28% - 13:08
3 - 23% - 25% - 11:36
4 - 19% - 14% - 9:22
Normal Defense
1 - 39% - 40% - 19:36
2 - 37% - 36% - 18:14
3 - 24% - 24% - 11:49
4 - 0% - 0% - 0:00
PP Forward
1 - 0% - 50%
2 - 0% - 50%
PP Defense
1 - 0% - 55%
2 - 0% - 45%
PK Forward
1 - 67% - 60% - 6:49
2 - 33% - 40% - 3:22
PK Defense
1 - 55% - 55% - 5:39
2 - 45% - 45% - 4:32
PK3 Forward
1 - 0% - 55%
2 - 0% - 45%
PK3 Defense
1 - 0% - 60%
2 - 0% - 40%
44 Forward
1 - 0% - 50%
2 - 0% - 50%
44 Defense
1 - 0% - 55%
2 - 0% - 45%
Last Minute Offensive  - 0:00
Last Minute Defensive  - 0:10
Total
Forward - 60:00
Defense - 60:00

Play-by-Play

1st period


0:01 of 1st period - Aleksander Barkov wins face-off versus Jonathan Huberdeau in neutral zone.
0:06 of 1st period - Wrist shot by William Nylander.
0:06 of 1st period - Stopped by Jake Allen with a rebound.
0:10 of 1st period - Backhand shot by Aleksander Barkov.
0:10 of 1st period - Goal by Aleksander Barkov - Sharks : 0 - Predators : 1.
0:11 of 1st period - Brayden Point wins face-off versus Dylan Larkin in neutral zone.
0:58 of 1st period - Kevin Connauton is hit by Gabriel Landeskog and loses puck.
1:19 of 1st period - Slapshot by Boone Jenner.
1:19 of 1st period - Shot Misses the Net.
1:39 of 1st period - Slapshot by Aleksander Barkov.
1:39 of 1st period - Shot Misses the Net.
1:45 of 1st period - Snap shot by William Nylander.
1:45 of 1st period - Shot Blocked by Mark Borowiecki.
1:47 of 1st period - Slapshot by Kevin Connauton.
1:47 of 1st period - Shot Misses the Net.
2:17 of 1st period - Wrist shot by Teuvo Teravainen.
2:17 of 1st period - Shot Misses the Net.
2:25 of 1st period - Teuvo Teravainen is hit by Patrick Marleau and loses puck.
3:13 of 1st period - Minor Penalty to Vladislav Gavrikov for Hooking.
3:14 of 1st period - Carl Soderberg wins face-off versus Sidney Crosby in Predators zone.
3:59 of 1st period - Brendan Lemieux is hit by Mark Borowiecki and loses puck.
5:13 of 1st period - Penalty to Vladislav Gavrikov is over, Vladislav Gavrikov is back on ice.
6:05 of 1st period - Wrist shot by Patrick Marleau.
6:05 of 1st period - Shot Misses the Net.
6:23 of 1st period - Alex Pietrangelo is hit by Anthony Duclair and loses puck.
6:45 of 1st period - Jonathan Huberdeau is hit by Jaccob Slavin and loses puck.
7:07 of 1st period - Wrist shot by Carl Soderberg.
7:07 of 1st period - Shot Blocked by Boone Jenner.
7:32 of 1st period - Alex Pietrangelo is hit by Aleksander Barkov and loses puck.
8:55 of 1st period - Slapshot by Austin Czarnik.
8:55 of 1st period - Stopped by Jake Allen without a rebound.
8:56 of 1st period - Austin Czarnik wins face-off versus Sidney Crosby in Sharks zone.
9:17 of 1st period - Wrist shot by Dylan Larkin.
9:17 of 1st period - Stopped by Connor Ingram without a rebound.
9:18 of 1st period - Dylan Larkin wins face-off versus Brayden Point in Predators zone.
9:27 of 1st period - Snap shot by Dylan Larkin.
9:27 of 1st period - Stopped by Connor Ingram with a rebound.
9:29 of 1st period - Backhand shot by Andreas Johnsson.
9:29 of 1st period - Shot Hit the Post.
9:31 of 1st period - Wrist shot by Teuvo Teravainen.
9:31 of 1st period - Stopped by Connor Ingram without a rebound.
9:32 of 1st period - Sidney Crosby wins face-off versus Aleksander Barkov in Predators zone.
10:16 of 1st period - Icing by Jaccob Slavin.
10:17 of 1st period - Dylan Larkin wins face-off versus Jordan Weal in Predators zone.
10:23 of 1st period - Icing by Jordan Weal.
10:24 of 1st period - Jordan Weal wins face-off versus Sidney Crosby in Predators zone.
11:04 of 1st period - Slapshot by Teuvo Teravainen.
11:04 of 1st period - Stopped by Connor Ingram with a rebound.
11:16 of 1st period - Snap shot by Matthew Nieto.
11:16 of 1st period - Shot Misses the Net.
11:18 of 1st period - Slapshot by Matthew Nieto.
11:18 of 1st period - Stopped by Jake Allen with a rebound.
11:20 of 1st period - Snap shot by Matthew Nieto.
11:20 of 1st period - Stopped by Jake Allen with a rebound.
11:22 of 1st period - Snap shot by Matthew Nieto.
11:22 of 1st period - Goal by Matthew Nieto - Sharks : 0 - Predators : 2.
11:23 of 1st period - Aleksander Barkov wins face-off versus Sidney Crosby in neutral zone.
11:50 of 1st period - Boone Jenner is hit by Carl Soderberg and loses puck.
11:59 of 1st period - Snap shot by Brayden Point.
11:59 of 1st period - Stopped by Jake Allen with a rebound.
12:01 of 1st period - Snap shot by Carl Soderberg.
12:01 of 1st period - Stopped by Jake Allen with a rebound.
12:35 of 1st period - Backhand shot by Boone Jenner.
12:35 of 1st period - Stopped by Connor Ingram with a rebound.
12:37 of 1st period - Slapshot by Mark Borowiecki.
12:37 of 1st period - Stopped by Connor Ingram without a rebound.
12:38 of 1st period - Boone Jenner wins face-off versus Aleksander Barkov in Predators zone.
12:42 of 1st period - Minor Penalty to Anthony Duclair for High sticking.
12:43 of 1st period - Carl Soderberg wins face-off versus Sidney Crosby in Predators zone.
13:14 of 1st period - Brendan Lemieux is hit by Gabriel Landeskog and loses puck.
13:25 of 1st period - Carl Soderberg is hit by Sidney Crosby and loses puck.
13:49 of 1st period - Backhand shot by Teuvo Teravainen.
13:49 of 1st period - Stopped by Connor Ingram without a rebound.
13:50 of 1st period - Boone Jenner wins face-off versus Brayden Point in Predators zone.
14:42 of 1st period - Penalty to Anthony Duclair is over, Anthony Duclair is back on ice.
15:02 of 1st period - Michael Raffl is hit by Austin Czarnik and loses puck.
15:29 of 1st period - Slapshot by Anthony Duclair.
15:29 of 1st period - Shot Misses the Net.
15:38 of 1st period - Icing by Aleksander Barkov.
15:39 of 1st period - Aleksander Barkov wins face-off versus Sidney Crosby in Predators zone.
16:04 of 1st period - Wrist shot by Brendan Lemieux.
16:04 of 1st period - Stopped by Jake Allen without a rebound.
16:05 of 1st period - Dylan Larkin wins face-off versus Jordan Weal in Sharks zone.
16:16 of 1st period - Wrist shot by Teuvo Teravainen.
16:16 of 1st period - Shot Misses the Net.
16:34 of 1st period - Wrist shot by Brayden Point.
16:34 of 1st period - Stopped by Jake Allen without a rebound.
16:35 of 1st period - Gabriel Landeskog wins face-off versus Brayden Point in Sharks zone.
16:48 of 1st period - Snap shot by Brayden Point.
16:48 of 1st period - Shot Misses the Net.
17:07 of 1st period - Snap shot by Brendan Lemieux.
17:07 of 1st period - Shot Misses the Net.
17:25 of 1st period - Wrist shot by Sven Baertschi.
17:25 of 1st period - Shot Misses the Net.
17:55 of 1st period - Snap shot by Boone Jenner.
17:55 of 1st period - Stopped by Connor Ingram with a rebound.
18:11 of 1st period - Samuel Girard is hit by Mark Borowiecki and loses puck.
18:20 of 1st period - Snap shot by Sidney Crosby.
18:20 of 1st period - Deflect By Gabriel Landeskog.
18:20 of 1st period - Shot Misses the Net.
18:20 of 1st period - Puck is out of play.
18:21 of 1st period - Aleksander Barkov wins face-off versus Dylan Larkin in Predators zone.
18:30 of 1st period - Snap shot by Dylan Larkin.
18:30 of 1st period - Stopped by Connor Ingram without a rebound.
18:31 of 1st period - Anthony Duclair wins face-off versus Dylan Larkin in Predators zone.
18:36 of 1st period - Wrist shot by Dylan Larkin.
18:36 of 1st period - Shot Misses the Net.
18:38 of 1st period - Wrist shot by Dylan Larkin.
18:38 of 1st period - Shot Misses the Net.
18:40 of 1st period - Snap shot by Andreas Johnsson.
18:40 of 1st period - Shot Blocked by Samuel Girard.
19:13 of 1st period - Snap shot by Dylan Larkin.
19:13 of 1st period - Stopped by Connor Ingram without a rebound.
19:14 of 1st period - Sidney Crosby wins face-off versus Brayden Point in Predators zone.
19:15 of 1st period - Wrist shot by Jonathan Huberdeau.
19:15 of 1st period - Shot Blocked by Carl Soderberg.
Goals for this period are 0 for Sharks vs 2 for Predators.
Shots for this period are 10 for Sharks vs 10 for Predators.

2nd period


0:01 of 2nd period - Sidney Crosby wins face-off versus Brayden Point in neutral zone.
0:12 of 2nd period - Snap shot by Gabriel Landeskog.
0:12 of 2nd period - Stopped by Connor Ingram with a rebound.
0:14 of 2nd period - Snap shot by Jonathan Huberdeau.
0:14 of 2nd period - Stopped by Connor Ingram with a rebound.
0:22 of 2nd period - Minor Penalty to Vladislav Gavrikov for Holding.
0:23 of 2nd period - Carl Soderberg wins face-off versus Sidney Crosby in Predators zone.
0:38 of 2nd period - Slapshot by Dylan Larkin.
0:38 of 2nd period - Goal by Dylan Larkin - Sharks : 1 - Predators : 2.
0:39 of 2nd period - Sidney Crosby wins face-off versus Aleksander Barkov in neutral zone.
1:01 of 2nd period - Minor Penalty to Samuel Girard for Charging.
1:02 of 2nd period - Carl Soderberg wins face-off versus Sidney Crosby in Predators zone.
1:02 of 2nd period - Carl Soderberg is hit by Gabriel Landeskog.
1:14 of 2nd period - Snap shot by Dylan Larkin.
1:14 of 2nd period - Shot Misses the Net.
3:01 of 2nd period - Penalty to Samuel Girard is over, Samuel Girard is back on ice.
3:11 of 2nd period - Jaccob Slavin is hit by Shea Theodore and loses puck.
3:37 of 2nd period - Snap shot by Aleksander Barkov.
3:37 of 2nd period - Stopped by Jake Allen without a rebound.
3:38 of 2nd period - Dylan Larkin wins face-off versus Brayden Point in Sharks zone.
3:55 of 2nd period - Justin Braun is hit by Patrick Marleau and loses puck.
4:08 of 2nd period - Matthew Nieto is hit by Sidney Crosby.
4:30 of 2nd period - Backhand shot by William Nylander.
4:30 of 2nd period - Stopped by Jake Allen with a rebound.
4:32 of 2nd period - Wrist shot by Aleksander Barkov.
4:32 of 2nd period - Stopped by Jake Allen with a rebound.
4:34 of 2nd period - Wrist shot by Aleksander Barkov.
4:34 of 2nd period - Stopped by Jake Allen with a rebound.
5:24 of 2nd period - Snap shot by Matthew Nieto.
5:24 of 2nd period - Shot Misses the Net.
5:28 of 2nd period - Wrist shot by Brendan Lemieux.
5:28 of 2nd period - Shot Blocked by Shea Theodore.
5:48 of 2nd period - Anthony Duclair is hit by Michael Raffl and loses puck.
6:07 of 2nd period - Snap shot by Carl Soderberg.
6:07 of 2nd period - Stopped by Jake Allen with a rebound.
7:01 of 2nd period - Snap shot by Teuvo Teravainen.
7:01 of 2nd period - Stopped by Connor Ingram with a rebound.
7:03 of 2nd period - Snap shot by Teuvo Teravainen.
7:03 of 2nd period - Shot Misses the Net.
7:05 of 2nd period - Wrist shot by Andreas Johnsson.
7:05 of 2nd period - Shot Blocked by Jaccob Slavin.
7:19 of 2nd period - Sidney Crosby is hit by Patrick Marleau and loses puck.
7:27 of 2nd period - Icing by Sidney Crosby.
7:28 of 2nd period - Sidney Crosby wins face-off versus Aleksander Barkov in Sharks zone.
7:51 of 2nd period - Wrist shot by Sidney Crosby.
7:51 of 2nd period - Stopped by Connor Ingram without a rebound.
7:52 of 2nd period - Dylan Larkin wins face-off versus Brayden Point in Predators zone.
7:59 of 2nd period - Snap shot by Teuvo Teravainen.
7:59 of 2nd period - Stopped by Connor Ingram with a rebound.
8:38 of 2nd period - Snap shot by Sidney Crosby.
8:38 of 2nd period - Shot Misses the Net.
9:02 of 2nd period - Shea Theodore is hit by Sven Baertschi and loses puck.
9:38 of 2nd period - Jaccob Slavin is hit by Gabriel Landeskog and loses puck.
9:47 of 2nd period - Snap shot by Jaccob Slavin.
9:47 of 2nd period - Stopped by Jake Allen without a rebound.
9:48 of 2nd period - Aleksander Barkov wins face-off versus Robert Thomas in Sharks zone.
9:49 of 2nd period - Snap shot by Anthony Duclair.
9:49 of 2nd period - Shot Blocked by Kenny Agostino.
9:51 of 2nd period - Slapshot by Jaccob Slavin.
9:51 of 2nd period - Shot Blocked by Robert Thomas.
9:53 of 2nd period - Snap shot by William Nylander.
9:53 of 2nd period - Goal by William Nylander - Sharks : 1 - Predators : 3.
9:54 of 2nd period - Aleksander Barkov wins face-off versus Sidney Crosby in neutral zone.
10:34 of 2nd period - Icing by Jaccob Slavin.
10:35 of 2nd period - Boone Jenner wins face-off versus Brayden Point in Predators zone.
10:53 of 2nd period - Snap shot by Carl Soderberg.
10:53 of 2nd period - Shot Misses the Net.
11:11 of 2nd period - Snap shot by Carl Soderberg.
11:11 of 2nd period - Stopped by Jake Allen with a rebound.
11:23 of 2nd period - Snap shot by Brayden Point.
11:23 of 2nd period - Shot Misses the Net.
12:25 of 2nd period - Wrist shot by Carl Soderberg.
12:25 of 2nd period - Stopped by Jake Allen without a rebound.
12:26 of 2nd period - Aleksander Barkov wins face-off versus Dylan Larkin in Sharks zone.
14:02 of 2nd period - Colton Sceviour is hit by Louie Belpedio and loses puck.
14:14 of 2nd period - Wrist shot by Austin Czarnik.
14:14 of 2nd period - Stopped by Jake Allen with a rebound.
Goals for this period are 1 for Sharks vs 1 for Predators.
Shots for this period are 6 for Sharks vs 10 for Predators.

3rd period


0:01 of 3rd period - Aleksander Barkov wins face-off versus Sidney Crosby in neutral zone.
0:10 of 3rd period - Off-side.
0:11 of 3rd period - Aleksander Barkov wins face-off versus Sidney Crosby in neutral zone.
0:18 of 3rd period - Snap shot by Anthony Duclair.
0:18 of 3rd period - Stopped by Jake Allen without a rebound.
0:19 of 3rd period - Aleksander Barkov wins face-off versus Sidney Crosby in Sharks zone.
0:44 of 3rd period - Slapshot by Gabriel Landeskog.
0:44 of 3rd period - Shot Blocked by Anthony Duclair.
0:46 of 3rd period - Slapshot by Alex Pietrangelo.
0:46 of 3rd period - Deflect By Gabriel Landeskog.
0:46 of 3rd period - Stopped by Connor Ingram with a rebound.
0:48 of 3rd period - Wrist shot by Gabriel Landeskog.
0:48 of 3rd period - Shot Misses the Net.
0:50 of 3rd period - Slapshot by Alex Pietrangelo.
0:50 of 3rd period - Stopped by Connor Ingram without a rebound.
0:51 of 3rd period - Jordan Weal wins face-off versus Dylan Larkin in Predators zone.
0:51 of 3rd period - Jordan Weal is hit by Justin Braun.
1:05 of 3rd period - Slapshot by Brendan Lemieux.
1:05 of 3rd period - Stopped by Jake Allen with a rebound.
1:25 of 3rd period - Slapshot by Patrick Marleau.
1:25 of 3rd period - Shot Misses the Net.
1:37 of 3rd period - Sven Baertschi is hit by Jonathan Huberdeau and loses puck.
2:20 of 3rd period - Andreas Johnsson is hit by Robert Bortuzzo.
2:48 of 3rd period - Snap shot by Robert Thomas.
2:48 of 3rd period - Stopped by Connor Ingram with a rebound.
2:50 of 3rd period - Snap shot by Boone Jenner.
2:50 of 3rd period - Stopped by Connor Ingram without a rebound.
2:51 of 3rd period - Sidney Crosby wins face-off versus Aleksander Barkov in Predators zone.
3:22 of 3rd period - Slapshot by Shea Theodore.
3:22 of 3rd period - Shot Misses the Net.
3:42 of 3rd period - Samuel Girard is hit by Boone Jenner and loses puck.
3:47 of 3rd period - Slapshot by Alex Pietrangelo.
3:47 of 3rd period - Deflect By Brendan Gaunce.
3:47 of 3rd period - Stopped by Connor Ingram with a rebound.
4:22 of 3rd period - Slapshot by Aleksander Barkov.
4:22 of 3rd period - Stopped by Jake Allen with a rebound.
4:24 of 3rd period - Slapshot by Jaccob Slavin.
4:24 of 3rd period - Shot Blocked by Shea Theodore.
4:34 of 3rd period - Jaccob Slavin is hit by Mirco Mueller and loses puck.
4:39 of 3rd period - Snap shot by Robert Thomas.
4:39 of 3rd period - Stopped by Connor Ingram without a rebound.
4:40 of 3rd period - Boone Jenner wins face-off versus Jordan Weal in Predators zone.
5:58 of 3rd period - Wrist shot by Teuvo Teravainen.
5:58 of 3rd period - Stopped by Connor Ingram without a rebound.
5:59 of 3rd period - Austin Czarnik wins face-off versus Sidney Crosby in Predators zone.
6:12 of 3rd period - Snap shot by Sven Baertschi.
6:12 of 3rd period - Shot Misses the Net.
6:24 of 3rd period - Dylan Larkin is hit by Louie Belpedio and loses puck.
6:47 of 3rd period - Jaccob Slavin is hit by Alex Pietrangelo.
6:51 of 3rd period - Alex Pietrangelo is hit by Jaccob Slavin and loses puck.
7:13 of 3rd period - Snap shot by Matthew Nieto.
7:13 of 3rd period - Shot Misses the Net.
7:29 of 3rd period - Wrist shot by Boone Jenner.
7:29 of 3rd period - Shot Blocked by Austin Czarnik.
8:45 of 3rd period - Snap shot by Dylan Larkin.
8:45 of 3rd period - Shot Blocked by Jaccob Slavin.
8:47 of 3rd period - Minor Penalty to Austin Czarnik for Holding.
8:48 of 3rd period - Sidney Crosby wins face-off versus Carl Soderberg in Predators zone.
9:15 of 3rd period - Wrist shot by Teuvo Teravainen.
9:15 of 3rd period - Stopped by Connor Ingram with a rebound.
9:40 of 3rd period - Robert Bortuzzo is hit by Shea Theodore and loses puck.
10:38 of 3rd period - Teuvo Teravainen is hit by Brayden Point and loses puck.
10:47 of 3rd period - Penalty to Austin Czarnik is over, Austin Czarnik is back on ice.
11:19 of 3rd period - Snap shot by Aleksander Barkov.
11:19 of 3rd period - Stopped by Jake Allen with a rebound.
11:43 of 3rd period - Wrist shot by Robert Thomas.
11:43 of 3rd period - Goal by Robert Thomas - Sharks : 2 - Predators : 3.
11:44 of 3rd period - Aleksander Barkov wins face-off versus Sidney Crosby in neutral zone.
11:53 of 3rd period - Snap shot by William Nylander.
11:53 of 3rd period - Shot Blocked by Zach Werenski.
11:55 of 3rd period - Snap shot by Aleksander Barkov.
11:55 of 3rd period - Stopped by Jake Allen with a rebound.
11:57 of 3rd period - Wrist shot by Aleksander Barkov.
11:57 of 3rd period - Shot Misses the Net.
12:11 of 3rd period - Patrick Marleau is hit by Justin Braun and loses puck.
12:16 of 3rd period - Slapshot by Alex Pietrangelo.
12:16 of 3rd period - Stopped by Connor Ingram without a rebound.
12:17 of 3rd period - Boone Jenner wins face-off versus Jordan Weal in Predators zone.
12:30 of 3rd period - Wrist shot by Boone Jenner.
12:30 of 3rd period - Stopped by Connor Ingram with a rebound.
12:32 of 3rd period - Slapshot by Mark Borowiecki.
12:32 of 3rd period - Shot Blocked by Matthew Nieto.
13:00 of 3rd period - Wrist shot by Michael Raffl.
13:00 of 3rd period - Stopped by Connor Ingram without a rebound.
13:01 of 3rd period - Dylan Larkin wins face-off versus Brayden Point in Predators zone.
13:02 of 3rd period - Wrist shot by Teuvo Teravainen.
13:02 of 3rd period - Deflect By Dylan Larkin.
13:02 of 3rd period - Stopped by Connor Ingram with a rebound.
13:46 of 3rd period - Gabriel Landeskog is hit by Samuel Girard and loses puck.
14:08 of 3rd period - Snap shot by Sidney Crosby.
14:08 of 3rd period - Shot Blocked by Aleksander Barkov.
14:10 of 3rd period - Snap shot by Justin Braun.
14:10 of 3rd period - Deflect By William Nylander.
14:10 of 3rd period - Stopped by Connor Ingram without a rebound.
14:11 of 3rd period - Jordan Weal wins face-off versus Dylan Larkin in Predators zone.
15:49 of 3rd period - Slapshot by Vladislav Gavrikov.
15:49 of 3rd period - Shot Blocked by Boone Jenner.
16:43 of 3rd period - Alex Pietrangelo is hit by Jaccob Slavin and loses puck.
17:03 of 3rd period - Samuel Girard is hit by Shea Theodore and loses puck.
17:16 of 3rd period - Slapshot by Samuel Girard.
17:16 of 3rd period - Stopped by Jake Allen with a rebound.
17:18 of 3rd period - Wrist shot by Jordan Weal.
17:18 of 3rd period - Stopped by Jake Allen with a rebound.
17:20 of 3rd period - Slapshot by Samuel Girard.
17:20 of 3rd period - Shot Misses the Net.
17:22 of 3rd period - Snap shot by Brendan Lemieux.
17:22 of 3rd period - Goal by Brendan Lemieux - Sharks : 2 - Predators : 4.
17:23 of 3rd period - Jordan Weal wins face-off versus Boone Jenner in neutral zone.
17:28 of 3rd period - Louie Belpedio is hit by Justin Braun and loses puck.
17:40 of 3rd period - Minor Penalty to Brendan Lemieux for Roughing.
17:41 of 3rd period - Gabriel Landeskog wins face-off versus Carl Soderberg in Predators zone.
17:49 of 3rd period - Wrist shot by Gabriel Landeskog.
17:49 of 3rd period - Stopped by Connor Ingram with a rebound.
18:07 of 3rd period - Wrist shot by Teuvo Teravainen.
18:07 of 3rd period - Stopped by Connor Ingram without a rebound.
18:08 of 3rd period - Jonathan Huberdeau wins face-off versus Carl Soderberg in Predators zone.
18:59 of 3rd period - Slapshot by Jonathan Huberdeau.
18:59 of 3rd period - Shot Misses the Net.
19:01 of 3rd period - Snap shot by Jonathan Huberdeau.
19:01 of 3rd period - Stopped by Connor Ingram with a rebound.
19:40 of 3rd period - Penalty to Brendan Lemieux is over, Brendan Lemieux is back on ice.
19:43 of 3rd period - Slapshot by Jonathan Huberdeau.
19:43 of 3rd period - Shot Misses the Net.
19:45 of 3rd period - Slapshot by Zach Werenski.
19:45 of 3rd period - Stopped by Connor Ingram with a rebound.
19:47 of 3rd period - Snap shot by Zach Werenski.
19:47 of 3rd period - Stopped by Connor Ingram with a rebound.
19:49 of 3rd period - Wrist shot by Jonathan Huberdeau.
19:49 of 3rd period - Goal by Jonathan Huberdeau - Sharks : 3 - Predators : 4.
19:50 of 3rd period - Sidney Crosby wins face-off versus Brayden Point in neutral zone.
19:53 of 3rd period - Sharks, Jake Allen is pulled from the net.
19:57 of 3rd period - Snap shot by Dylan Larkin.
19:57 of 3rd period - Shot Misses the Net.
19:59 of 3rd period - Wrist shot by Dylan Larkin.
19:59 of 3rd period - Shot Blocked by Brayden Point.
Goals for this period are 2 for Sharks vs 1 for Predators.
Shots for this period are 20 for Sharks vs 8 for Predators. Output by the SimonT Hockey Simulator (STHS) for Alexandre Lamarre - Original Page W3C HTML5 Valid
Hockey Simulator - Hockey Simulation - Hockey Manager